 Dungeon Crawl Stone Soup version 0.29.1-13-g9f3cf754e1 (webtiles) character file.

Game seed: 17858360737720574933

10259 zlionsfan the Thaumaturge (level 11, -1/53 HPs)
             Began as a Spriggan Delver on Jan 21, 2023.
             Was an Elder of Makhleb.
             Slain by a four-headed hydra (2 damage)
             ... on level 2 of the Lair of Beasts.
             The game lasted 01:26:36 (14300 turns).

zlionsfan the Thaumaturge (Spriggan Delver)        Turns: 14300, Time: 01:26:38

Health: -1/53      AC:  4    Str:  8    XL:     11   Next: 33%
Magic:  28/28      EV: 23    Int: 16    God:    Makhleb [****..]
Gold:   326        SH:  0    Dex: 17    Spells: 17/34 levels left

rFire   x . .      SeeInvis +   b - +3 shortbow
rCold   + . .      Faith    .   (shield currently unavailable)
rNeg    + . .      Spirit   .   D - +1 robe {rN+}
rPois   .          Reflect  .   (helmet restricted)
rElec   .          Harm     .   L - +0 cloak
rCorr   .          Rampage  .   (gloves unavailable)
Will    +....                   (boots unavailable)
Stlth   ++........              (no amulet)
HPRegen 0.17/turn               t - ring of ice
MPRegen 0.21/turn               s - +4 ring of evasion

@: slow
A: very small, no large weapons, unfitting armour, see invisible, speed 3
a: Renounce Religion, Minor Destruction, Lesser Servant of Makhleb, Major
Destruction


You were on level 2 of the Lair of Beasts.
You worshipped Makhleb.
Makhleb was greatly pleased with you.
You visited 2 branches of the dungeon, and saw 12 of its levels.
You also visited: Ossuary.

You collected 710 gold pieces.
You spent 384 gold pieces at shops.

Inventory:

Hand Weapons
 a - a +0 dagger of venom
 b - a +3 shortbow (weapon)
Missiles
 P - a throwing net
Armour
 D - a +1 robe of positive energy (worn)
 L - a +0 cloak (worn)
Jewellery
 k - an amulet of faith
 r - a ring of positive energy
 s - a +4 ring of evasion (right hand)
 t - a ring of ice (left hand)
 y - a ring of flight
Wands
 e - a wand of flame (22)
 g - a wand of digging (6)
 H - a wand of mindburst (8)
Scrolls
 c - a scroll of fog
 d - 5 scrolls of magic mapping
 h - a scroll of fear
 i - 6 scrolls of poison
 j - a scroll of vulnerability {unknown}
 m - a scroll of enchant armour {unknown}
 n - 2 scrolls of brand weapon {unknown}
 p - a scroll of blinking
 q - 2 scrolls of teleportation
 u - a scroll of immolation {unknown}
 J - a scroll of acquirement {unknown}
 K - a scroll of butterflies {unknown}
 N - a scroll of summoning {unknown}
Potions
 f - 3 potions of haste
 l - 5 potions of brilliance
 o - a potion of mutation {unknown}
 v - 3 potions of flight
 w - 2 potions of heal wounds
 x - 5 potions of lignification
 z - 3 potions of magic
 A - 3 potions of invisibility
 B - 6 potions of curing
 E - 3 potions of attraction {unknown}
 G - 2 potions of resistance {unknown}
 I - a potion of cancellation {unknown}
 M - a potion of might


   Skills:
 + Level 4.1 Fighting
 + Level 5.3 Short Blades
 + Level 6.3 Ranged Weapons
 + Level 5.3 Dodging
 + Level 9.7 Stealth
 * Level 12.1 Spellcasting
 + Level 0.2 Conjurations
 + Level 2.5 Transmutations
 * Level 4.7 Ice Magic
 + Level 1.0 Air Magic
 * Level 4.8 Earth Magic
 * Level 6.1 Poison Magic


You had 17 spell levels left.
You knew the following spells:

 Your Spells              Type           Power      Damage    Failure   Level
a - Sting                 Tmut/Pois      92%        1d7       1%          1
b - Freeze                Ice            100%       1d11      1%          1
c - Poisonous Vapours     Pois/Air       42%        N/A       2%          2
d - Sandblast             Erth           50%        2d12      1%          1
e - Frozen Ramparts       Ice            74%        1d12      3%          3
f - Ozocubu's Armour      Ice            37%        N/A       3%          3
g - Mephitic Cloud        Conj/Pois/Air  17%        N/A       9%          3
h - Ignite Poison         Fire/Tmut/Pois 18%        N/A       7%          3

Your spell library contained the following spells:

 Spells                   Type           Power      Damage    Failure   Level
 Passwall                 Tmut/Erth      17%        N/A       2%          2
 Olgreb's Toxic Radiance  Pois           29%        N/A       6%          4
 Necrotise                Necr           36%        1d5       8%          1
 Summon Small Mammal      Summ           36%        N/A       8%          1
 Stone Arrow              Conj/Erth      34%        3d9       8%          3
 Call Canine Familiar     Summ           9%         N/A       22%         3
 Dazzling Flash           Conj/Hex       20%        N/A       22%         3
 Gell's Gravitas          Tloc           9%         N/A       22%         3
 Lesser Beckoning         Tloc           9%         N/A       22%         3
 Portal Projectile        Hex/Tloc       18%        N/A       22%         3
 Summon Guardian Golem    Hex/Summ       9%         N/A       22%         3
 Teleport Other           Tloc           9%         N/A       22%         3
 Tukima's Dance           Hex            9%         N/A       22%         3
 Vampiric Draining        Necr           9%         2d6       22%         3
 Hailstorm                Conj/Ice       26%        3d7       26%         4
 Leda's Liquefaction      Hex/Erth       8%         N/A       26%         4
 Summon Ice Beast         Ice/Summ       25%        N/A       28%         4
 Alistair's Intoxication  Tmut/Pois      15%        N/A       34%         5
 Iskenderun's Mystic Bla  Conj/Tloc      10%        2d4       56%         4
 Blade Hands              Tmut           8%         N/A       56%         5
 Borgnjor's Vile Clutch   Necr/Erth      8%         N/A       58%         5
 Metabolic Englaciation   Hex/Ice        12%        N/A       61%         5
 Freezing Cloud           Conj/Ice/Air   12%        6-21      65%         5
 Eringya's Noxious Bog    Tmut/Pois      11%        N/A       88%         6
 Agony                    Necr           9%         N/A       90%         5
 Summon Forest            Summ/Tloc      4%         N/A       90%         5
 Summon Mana Viper        Hex/Summ       9%         N/A       90%         5
 Simulacrum               Ice/Necr       12%        N/A       99%         6
 Starburst                Conj/Fire      5%         6d4       100%        6
 Summon Cactus Giant      Summ           4%         N/A       100%        6
 Monstrous Menagerie      Summ           4%         N/A       100%        7


Dungeon Overview and Level Annotations

Branches:
Dungeon (10/15)            Temple (0/1) D:5            Lair (2/5) D:8
Ossuary (visited)
  Swamp: Lair:2-3    Shoals: Lair:2-3     Snake: Lair:2-3    Spider: Lair:2-3
    Orc: D:9-12

Altars:
Elyvilon
Gozag
Makhleb
Nemelex Xobeh
Okawaru
Ru
Uskayaw
Yredelemnul
The Shining One

Shops:
D:9 !

Portals:
Trove: D:10 (give 6 scrolls of fear)

Annotations:
D:3 Sigmund
D:5 exclusion: oklob sapling
D:7 Dowan, Maggie
D:8 Grum, Joseph
D:10 Amaemon
Lair:2 Nergalle


Innate Abilities, Weirdness & Mutations

You are very small and have problems with some larger weapons.
You are too small for most types of armour.
You have supernaturally acute eyesight. (SInv)
You cover ground extremely quickly. (Speed+++)


Message History

Moving in this stuff is going to be slow.
You enter the shallow water.
Moving in this stuff is going to be slow.
You open the door. 2 bullfrogs come into view.
Your +0 dagger of venom begins to drip with poison!
a - a +0 dagger of venom (weapon)
There are monsters nearby!
There is an open door here.
The helpless bullfrog fails to defend itself.
You perforate the bullfrog like a sieve!!!
You kill the bullfrog!
Makhleb accepts your kill.
The helpless bullfrog fails to defend itself.
You skewer the bullfrog like a kebab!!!
You kill the bullfrog!
Makhleb accepts your kill.
You see here a bullfrog corpse.
You open the door.
There is an open door, spattered with blood here.
Your +0 dagger of venom stops dripping with poison.
b - a +3 shortbow (weapon)
You enter the shallow water.
Moving in this stuff is going to be slow.
As you open the door, it creaks loudly!
You hear a roar!
A four-headed hydra comes into view.
There is an open door here.
You enter the shallow water.
Moving in this stuff is going to be slow.
The four-headed hydra attacks as you move away!
The four-headed hydra bites you! x2; The four-headed hydra misses you.
The four-headed hydra bites you!
The four-headed hydra attacks as you move away!
The four-headed hydra completely misses you.
The four-headed hydra bites you.
* * * LOW HITPOINT WARNING * * *
The four-headed hydra bites you!
* * * LOW HITPOINT WARNING * * *
The four-headed hydra bites you.
You die...

#########
##################~≈≈~#..#
#~P..P.'D@'.~..P.P≈≈≈≈...#
#P.P~..#~~#†.#...≈≈≈≈~...P
#~P~~.~#~###'#..~≈≈≈~~...#
#~~..~~#~~#~~~P.≈≈≈≈†....#
#~..~..#~~#~..P~≈≈≈≈~....#
#.#########~..~≈≈≈≈~.....#
# ..~~.~P.~≈≈≈≈≈~.....#
#....P≈~~.≈≈≈≈≈~.......
###~~~~≈~≈~.≈≈≈≈~........


You could see a four-headed hydra.

Vanquished Creatures
  A hydra (Lair:1)
  Harold (Lair:1)
  Pikel (D:8)
  3 black mambas
  2 wyverns
  2 basilisks (D:8)
  12 yaks (Lair:2)
  Menkaure (D:7)
  2 vampire mosquitoes (D:10)
  6 water moccasins
  2 ice beasts (D:7)
  3 orc warriors
  A sky beast (D:8)
  6 wolves
  An ogre (D:5)
  3 centaurs (D:6)
  3 kobold brigands
  4 necrophages
  11 bullfrogs
  A gnoll sergeant (D:8)
  2 scorpions
  5 water moccasin zombies (Ossuary)
  A wight (D:7)
  8 killer bees
  3 howler monkeys (D:9)
  An electric eel (Lair:2)
  A hound (D:4)
  5 orc priests
  13 orc wizards
  2 hell rats (Lair:2)
  2 mummies (Ossuary)
  5 gnolls
  5 adders
  8 river rats (Lair:2)
  A shadow imp (D:5)
  2 ufetubi
  4 worms
  2 dart slugs
  26 orcs
  5 endoplasms
  A giant cockroach (D:1)
  4 goblins
  5 hobgoblins
  7 quokkas
  6 ball pythons
  9 bats
  7 frilled lizards
  2 gnoll zombies (Ossuary)
  5 hobgoblin zombies (Ossuary)
  18 kobolds
  3 kobold zombies (Ossuary)
  7 orc zombies (Ossuary)
  13 rats
254 creatures vanquished.

Vanquished Creatures (others)
  6 fungi
  11 plants
17 creatures vanquished.

Grand Total: 271 creatures vanquished

Notes
Turn   | Place    | Note
-------+----------+-------------------------------------------
     0 | D:5      | zlionsfan the Spriggan Delver began the quest for the Orb.
     0 | D:5      | Reached XP level 1. HP: 11/11 MP: 2/2
   128 | D:3      | Reached XP level 2. HP: 16/16 MP: 3/3
   334 | D:1      | Learned a level 1 spell: Sting
   671 | D:1      | Reached XP level 3. HP: 18/19 MP: 1/4
   908 | D:1      | Reached skill level 1 in Spellcasting
  2006 | D:2      | Reached XP level 4. HP: 23/23 MP: 0/7
  2226 | D:2      | Identified the +5 scale mail "Koipnuasi" {Str+2}
  2507 | D:3      | Found a glowing golden altar of the Shining One.
  2631 | D:3      | Learned a level 1 spell: Freeze
  2672 | D:3      | Noticed Sigmund
  2951 | D:3      | Found a white marble altar of Elyvilon.
  3656 | D:4      | Noticed a kobold brigand
  3832 | D:4      | Reached skill level 1 in Poison Magic
  3978 | D:4      | Reached skill level 2 in Spellcasting
  3978 | D:4      | Reached XP level 5. HP: 28/28 MP: 1/10
  4120 | D:4      | Reached skill level 3 in Spellcasting
  4783 | D:5      | Found a staircase to the Ecumenical Temple.
  5134 | D:5      | Found a burning altar of Makhleb.
  5143 | D:5      | Became a worshipper of Makhleb the Destroyer
  5272 | D:5      | Reached skill level 1 in Transmutations
  5272 | D:5      | Reached XP level 6. HP: 32/32 MP: 9/12
  5557 | D:5      | Reached skill level 4 in Spellcasting
  5755 | D:5      | Reached skill level 1 in Ranged Weapons
  6185 | D:6      | Reached XP level 7. HP: 36/36 MP: 15/15
  6190 | D:6      | Found an opulent altar of Gozag.
  6465 | D:6      | Reached skill level 5 in Spellcasting
  6700 | D:6      | Learned a level 2 spell: Poisonous Vapours
  6788 | D:6      | Reached skill level 1 in Ice Magic
  7058 | D:6      | Reached XP level 8. HP: 40/40 MP: 12/17
  7201 | D:6      | Learned a level 1 spell: Sandblast
  7261 | D:7      | Noticed Maggie
  7273 | D:7      | Reached * piety under Makhleb
  7518 | D:7      | Found a sacrificial altar of Ru.
  7533 | D:7      | Noticed Menkaure
  7715 | D:7      | Reached skill level 6 in Spellcasting
  7961 | D:7      | Found a sand-covered staircase.
  8011 | Ossuary  | Entered an ossuary
  8349 | Ossuary  | Reached skill level 5 in Short Blades
  8349 | Ossuary  | Reached skill level 1 in Earth Magic
  8561 | Ossuary  | Reached ** piety under Makhleb
  8726 | D:7      | Noticed Dowan
  8844 | D:7      | Noticed a +0 hand axe
  8845 | D:7      | Found a hide-covered altar of Uskayaw.
  8847 | D:7      | Noticed a +0 hand axe
  8918 | D:7      | Killed Menkaure
  8919 | D:7      | Reached skill level 7 in Spellcasting
  8919 | D:7      | Reached XP level 9. HP: 44/44 MP: 15/20
  8923 | D:7      | Learned a level 3 spell: Frozen Ramparts
  8927 | D:7      | Learned a level 3 spell: Ozocubu's Armour
  9270 | D:8      | Found a staircase to the Lair.
  9270 | D:8      | Noticed an elephant
  9467 | D:8      | Noticed Grum
  9583 | D:8      | Found a sparkling altar of Nemelex Xobeh.
  9589 | D:8      | Noticed Joseph
  9743 | D:8      | Noticed Pikel
  9804 | D:8      | Killed Pikel
  9805 | D:8      | Reached skill level 5 in Ranged Weapons
  9805 | D:8      | Reached skill level 8 in Spellcasting
 10110 | D:8      | Identified the ring "Pyvut" {rElec rN+ Str+5}
 10111 | D:8      | Reached skill level 9 in Spellcasting
 10368 | D:8      | Learned a level 3 spell: Mephitic Cloud
 10796 | D:9      | Found Jidd's Distillery.
 10799 | D:9      | Bought 2 potions of heal wounds for 160 gold pieces
 10799 | D:9      | Bought a potion of magic for 128 gold pieces
 10799 | D:9      | Bought a potion of curing for 48 gold pieces
 10799 | D:9      | Bought a potion of curing for 48 gold pieces
 10898 | D:9      | Reached skill level 5 in Poison Magic
 11039 | D:9      | Reached XP level 10. HP: 49/49 MP: 20/24
 11050 | D:9      | Learned a level 3 spell: Ignite Poison
 11171 | D:9      | Reached *** piety under Makhleb
 11367 | D:10     | Entered Level 10 of the Dungeon
 11438 | D:10     | Reached skill level 5 in Dodging
 11777 | D:10     | Found an iron altar of Okawaru.
 12091 | D:10     | Found a portal to a secret trove of treasure.
 12517 | D:10     | Noticed Amaemon
 12517 | D:10     | Noticed an orange demon
 12577 | Lair:1   | Entered Level 1 of the Lair of Beasts
 12585 | Lair:1   | Reached skill level 10 in Spellcasting
 12622 | Lair:1   | Noticed a five-headed hydra
 12770 | Lair:1   | Killed a five-headed hydra
 12824 | Lair:1   | Noticed Harold
 12883 | Lair:1   | Killed Harold
 13036 | Lair:1   | Noticed a black mamba
 13042 | Lair:1   | Killed a black mamba
 13043 | Lair:1   | Reached skill level 11 in Spellcasting
 13386 | Lair:1   | You fall into a shaft and drop 1 floor!
 13386 | Lair:2   | Found a basalt altar of Yredelemnul.
 13428 | Lair:2   | Reached skill level 1 in Air Magic
 13428 | Lair:2   | Reached XP level 11. HP: 53/53 MP: 18/27
 13464 | Lair:2   | Reached **** piety under Makhleb
 14034 | Lair:2   | Noticed Nergalle
 14183 | Lair:2   | Reached skill level 12 in Spellcasting
 14297 | Lair:2   | Noticed a four-headed hydra
 14300 | Lair:2   | HP: 1/53 [four-headed hydra (14)]
 14300 | Lair:2   | Slain by a four-headed hydra

Illustrated notes

Levels and vault maps discovered:
D:1:      dpeg_arrival_three_smaller_balls, layout_rooms, minmay_misc_feat_roman
D:2:      layout_loops_ring
D:3:      layout_basic, nicolae_overflow_crystal_walls, amcnicky_altar_gilded,
          minmay_between, uniq_sigmund
D:4:      layout_layer_cave, serial_glass, glass_columns_c, glass_columns_c
D:5:      layout_loops_corners, mainiacjoe_overflow_alcove_4,
          minmay_temple_entry_oklob, minmay_bent
D:6:      layout_loops_cross, grunt_gozag_statues
D:7:      layout_gridville, dancing_weapons_uskayaw,
          mainiacjoe_overflow_concentric_impassable,
          nicolae_ossuary_entry_false_entrances, hex_medium, st_stairs_4,
          uniq_menkaure, uniq_duvessa, uniq_maggie
D:8:      layout_loops_ring, nemelex_diamond_rough_becter, david_lair_generic,
          uniq_pikel, uniq_joseph, uniq_grum
D:9:      layout_rooms, serial_shops, kennysheep_mini
D:10:     layout_gridville, mainiacjoe_overflow_six_doors_small,
          nicolae_trove_entry_crossroad, nicolae_hexahallways, uniq_amaemon
Lair:1:   layout_gridlike, uniq_harold
Lair:2:   cheibrodos_lair_river_kwai, layout_hall_layers,
          minmay_shoals_entry_hut, basic_altar, kennysheep_rathole,
          grunt_megastairs_5, serial_bayou_shore_a, uniq_nergalle

Skill      XL: |  1  2  3  4  5  6  7  8  9 10 11 |
---------------+----------------------------------+-----
Stealth        | 8 9 |  9.7
Spellcasting   | 1 2 3 4 5 7 9 11 12 | 12.1
Dodging        | 3 4 5 |  5.3
Poison Magic   | 1 2 4 5 6 |  6.1
Fighting       | 3 4 |  4.1
Short Blades   | 3 4 5 |  5.3
Transmutations | 1 2 |  2.5
Ranged Weapons | 1 2 3 5 6 |  6.3
Ice Magic      | 1 2 3 4 |  4.7
Earth Magic    | 1 2 4 |  4.8
Air Magic      | 1 |  1.0
Conjurations   | |  0.2

Action                   |  1- 3 |  4- 6 |  7- 9 | 10-12 || total
-------------------------+-------+-------+-------+-------++-------
Melee: Short sword       |   126 |    52 |    67 |    15 ||   260
       Punch             |     2 |       |     1 |     1 ||     4
       Dagger            |       |       |       |    61 ||    61
 Fire: Shortbow          |       |    36 |   156 |   118 ||   310
Throw: Dart              |     1 |     3 |       |       ||     4
 Cast: Sting             |    41 |    38 |    44 |    19 ||   142
       Freeze            |       |    19 |    56 |    73 ||   148
       Sandblast         |       |       |    84 |    46 ||   130
       Frozen Ramparts   |       |       |     6 |    16 ||    22
       Poisonous Vapours |       |       |     6 |       ||     6
       Mephitic Cloud    |       |       |     4 |    23 ||    27
       Ozocubu's Armour  |       |       |     2 |     3 ||     5
Evoke: Wand              |       |     1 |       |     1 ||     2
  Use: Scroll            |       |     5 |     9 |     4 ||    18
       Potion            |       |     2 |     4 |     1 ||     7
 Stab: Sleeping          |    21 |     8 |     9 |     2 ||    40
       Confused          |       |       |     1 |    14 ||    15
Armor: Robe              |    13 |     2 |    17 |     6 ||    38
Dodge: Dodged            |    80 |    72 |   203 |   150 ||   505
